 Dungeon Crawl Stone Soup version 0.27.1-3-gb3d3a73c9e (webtiles) character file.

Game seed: 16052895744952692982

59 BOMJPIETVODKU the Skirmisher (level 4, -3/40 HPs)
             Began as a Hill Orc Fighter on Oct 31, 2021.
             Slain by a gnoll (6 damage)
             ... on level 2 of the Dungeon.
             The game lasted 00:02:50 (1931 turns).

BOMJPIETVODKU the Skirmisher (Hill Orc Fighter)     Turns: 1931, Time: 00:02:51

Health: -3/40      AC:  8    Str: 19    XL:     4   Next: 3%
Magic:  4/4        EV:  7    Int:  8    God:
Gold:   68         SH:  9    Dex: 10    Spells: 3/3 levels left

rFire    . . .     SeeInvis .   a - +0 war axe
rCold    . . .     Faith    .   c - +0 kite shield
rNeg     . . .     Spirit   .   b - +0 scale mail
rPois    .         Reflect  .   (no helmet)
rElec    .         Harm     .   (no cloak)
rCorr    .         Rampage  .   j - +0 pair of gloves
Will     .....                  (no boots)
Stlth    ..........             (no amulet)
HPRegen  0.13/turn              (no ring)
MPRegen  0.09/turn              (no ring)

@: mighty
A: no striking features
a: no special abilities


You were on level 2 of the Dungeon.
You visited 1 branch of the dungeon, and saw 2 of its levels.

You collected 68 gold pieces.

Inventory:

Hand Weapons
 a - a +0 war axe (weapon)
Missiles
 h - 6 boomerangs of dispersal (quivered)
Armour
 b - a +0 scale mail (worn)
 c - a +0 kite shield (worn)
 j - a +0 pair of gloves (worn)
 k - a +2 leather armour of cold resistance
Scrolls
 e - a scroll of silence {unknown}
 l - a scroll of teleportation {unknown}
 m - a scroll of identify {unknown}
Potions
 d - 2 potions of might
 f - a potion of cancellation {unknown}
 g - a potion of attraction {unknown}
 i - a potion of flight {unknown}


   Skills:
 + Level 4.2 Fighting
 + Level 3.4 Axes
 + Level 4.1 Armour
 + Level 0.1 Stealth
 + Level 3.6 Shields


You had 3 spell levels left.
You didn't know any spells.
Your spell library contained the following spells:

 Spells                   Type           Power      Damage    Failure   Level
 Slow                     Hex            0%         N/A       100%        2
 Confusing Touch          Hex            0%         N/A       100%        3
 Vampiric Draining        Necr           0%         2d6       100%        3


Dungeon Overview and Level Annotations

Branches:
Dungeon (2/15)

Altars:


Message History

The gnoll completely misses you. The kobold hits you but does no damage.
The gnoll hits you from afar with a +0 halberd.
The kobold hits you with a +0 short sword.
You closely miss the kobold. The gnoll barely misses you.
The kobold hits you but does no damage.
You miss the kobold. The gnoll closely misses you.
You block the kobold's attack. The gnoll closely misses you.
The kobold hits you with a +0 short sword.
You closely miss the kobold. The gnoll hits you but does no damage.
You block the kobold's attack.
You feel very mighty all of a sudden.
The gnoll hits you from afar with a +0 halberd!
The kobold hits you but does no damage.
You closely miss the kobold. You block the gnoll's attack.
The kobold barely misses you. You block the gnoll's attack.
The kobold hits you but does no damage.
You barely miss the kobold. The gnoll barely misses you.
You block the kobold's attack.
You slash the kobold!
You kill the kobold!
The gnoll hits you from afar with a +0 halberd.
You block the gnoll's attack.
Things that are here:
a +0 short sword; a kobold corpse You barely miss the gnoll.
The gnoll hits you with a +0 halberd!
* * * LOW HITPOINT WARNING * * *
The gnoll hits you with a +0 whip.
* * * LOW HITPOINT WARNING * * *
The gnoll hits you but does no damage.
You barely miss the gnoll. You closely miss the gnoll.
You block the gnoll's attack. x2; The gnoll hits you but does no damage.
You closely miss the gnoll. You slash the gnoll!
The gnoll hits you with a +0 halberd.
* * * LOW HITPOINT WARNING * * *
You block the gnoll's attack. The gnoll hits you with a +0 halberd.
* * * LOW HITPOINT WARNING * * *
You closely miss the gnoll. You slash the gnoll!
You kill the gnoll!
You block the gnoll's attack. The gnoll hits you with a +0 club.
You die...

......###.###
###.##.#.#
......#...#
#.......
....[.#.###
#.#.#.
........# .#. #
......#.### ##
..........# ..
......#...###.#
......###?gg#.#
..... ###@#.#.#
..... #.....#
.... #######
....


You could see 2 gnolls.

Vanquished Creatures
  An adder (D:2)
  A gnoll (D:2)
  3 dart slugs (D:1)
  3 ball pythons
  4 bats (D:1)
  3 endoplasms
  3 goblins (D:1)
  8 hobgoblins
  7 kobolds
  3 quokkas
  4 rats
40 creatures vanquished.

Notes
Turn   | Place    | Note
-------+----------+-------------------------------------------
     0 | D:1      | BOMJPIETVODKU the Hill Orc Fighter began the quest for the
                  | Orb.
     0 | D:1      | Reached XP level 1. HP: 19/19 MP: 1/1
   209 | D:1      | Reached XP level 2. HP: 27/27 MP: 2/2
   787 | D:1      | Reached XP level 3. HP: 31/33 MP: 3/3
   873 | D:1      | Found a faded altar of an unknown god.
  1561 | D:2      | Reached XP level 4. HP: 11/40 MP: 4/4
  1931 | D:2      | Slain by a gnoll

Illustrated notes

Levels and vault maps discovered:
D:1:      amcnicky_arrival_abandoned_market, layout_loops_corners,
          hellmonk_ecumenical_altar_prayer_group
D:2:      layout_rooms, minmay_quantized

Skill      XL: |  1  2  3 |
---------------+----------+-----
Fighting       | 4 |  4.2
Axes           | 3 |  3.4
Armour         | 4 |  4.1
Stealth        | |  0.1
Shields        | |  3.6

Action                   |  1- 3 |  4- 6 || total
-------------------------+-------+-------++-------
Melee: War axe           |   114 |    16 ||   130
  Use: Potion            |       |     1 ||     1
Armor: Scale mail        |    56 |     9 ||    65
Dodge: Dodged            |    44 |    10 ||    54
Block: Kite shield       |    66 |    11 ||    77
